 Dungeon Sprint DCSS version 0.26-a0-737-g4e9f4955e2 (webtiles) character file.

Game seed: 948309674038816641

11409 sahdkjhfkaj the Thaumaturge (level 11, -15/138 HPs)
             Began as a Gnoll Fire Elementalist on Nov 4, 2020.
             Was the Champion of Dithmenos.
             Demolished by Kiust the pandemonium lord (21 damage)
             ... in the Dungeon (Sprint V: "Ziggurat Sprint").
             The game lasted 00:08:35 (2953 turns).

sahdkjhfkaj the Thaumaturge (GnFE)                  Turns: 2953, Time: 00:08:35

Health: -15/138    AC:  5    Str: 10    XL:     11   Next: 77%
Magic:  14/26      EV: 19    Int: 32    God:    Dithmenos [******]
Gold:   0          SH:  0    Dex: 17    Spells: 9/33 levels left

rFire    + . .     SeeInvis .   D - +8 lance "Wyrmbane" {slay drac, rPois rF+ rC+ AC+3}
rCold    + . .     Faith    .   (no shield)
rNeg     + + +     Spirit   .   a - +0 robe
rPois    ∞         Reflect  .   (no helmet)
rElec    .         Harm     .   (no cloak)
rCorr    .         Rampage  .   (no gloves)
MR       +++++     NoTele   +   (no boots)
Stlth    ..........             (no amulet)
HPRegen  0.33/turn              x - +6 ring of intelligence
MPRegen  0.20/turn              w - +6 ring of intelligence

@: berserking, shadow-form, weakened, wreathed by umbra, studying Air Magic,
heavily drained, invisible, very quick
A: distributed training, fangs 1, strong nose
a: End Transformation, Shadow Step, Shadow Form, Renounce Religion


You were in the Dungeon.
You worshipped Dithmenos.
Dithmenos was exalted by your worship.
You were a swirling mass of dark shadows.
You visited 1 branch

Inventory:

Hand Weapons
 D - the +8 lance "Wyrmbane" (weapon) {slay drac, rPois rF+ rC+ AC+3}
   (You found it in the Dungeon)

   It affects your AC (+3).
   It protects you from fire.
   It protects you from cold.
   It protects you from poison.
Armour
 a - a +0 robe (worn)
Jewellery
 t - an uncursed ring of flight
 u - a +6 ring of dexterity
 v - a +6 ring of dexterity
 w - a +6 ring of intelligence (right hand)
 x - a +6 ring of intelligence (left hand)
 y - a +6 ring of strength
 z - a +6 ring of strength
Wands
 A - a wand of disintegration (6)
 B - a wand of iceblast (4)
 C - a wand of acid (7)
Scrolls
 n - 3 scrolls of amnesia {!r}
 o - 7 scrolls of fog {!r}
 p - a scroll of holy word {!r}
 q - 5 scrolls of identify {!r}
 r - 5 scrolls of remove curse {!r}
 s - 2 scrolls of fear {!r}
Potions
 b - 2 potions of brilliance {!q}
 c - 9 potions of curing {!q}
 d - 7 potions of heal wounds {!q}
 e - 6 potions of haste {!q}
 f - 5 potions of magic {!q}
 g - a potion of berserk rage {!q}
 i - 2 potions of invisibility {!q}
 j - 4 potions of resistance {!q}
 l - 5 potions of stabbing {!q}
 m - 5 potions of might {!q}
Books
 k - a manual of Air Magic
Miscellaneous
 E - a lightning rod (4/4)
 F - a phantom mirror


   Skills:
 + Level 10.7(8.5) Fighting
 + Level 10.7(8.5) Short Blades
 + Level 10.7(8.5) Long Blades
 + Level 10.7(8.5) Axes
 + Level 10.7(8.5) Maces & Flails
 + Level 10.7(8.5) Polearms
 + Level 10.7(8.5) Staves
 + Level 10.7(8.5) Slings
 + Level 10.7(8.5) Bows
 + Level 10.7(8.5) Crossbows
 + Level 10.7(8.5) Throwing
 + Level 10.7(8.5) Armour
 + Level 11.6(9.3) Dodging
 + Level 11.4(9.2) Stealth
 + Level 10.7(8.5) Shields
 + Level 10.7(8.5) Unarmed Combat
 + Level 11.7(9.5) Spellcasting
 + Level 9.4(7.2) Conjurations
 + Level 9.1(7.0) Hexes
 + Level 9.1(7.0) Summonings
 + Level 9.1(7.0) Necromancy
 + Level 9.1(7.0) Translocations
 + Level 9.1(7.0) Transmutations
 + Level 10.6(8.4) Fire Magic
 + Level 9.1(7.0) Ice Magic
 + Level 9.1(7.0) Air Magic
 + Level 9.1(7.0) Earth Magic
 + Level 9.1(7.0) Poison Magic
 + Level 11.6(9.4) Invocations
 + Level 10.7(8.5) Evocations


You had 9 spell levels left.
You knew the following spells:

 Your Spells              Type           Power        Failure   Level
a - Iron Shot             Conj/Erth      ###.......   26%         6
e - Spellforged Servitor  Conj/Summ      ###.......   82%         7
f - Fireball              Conj/Fire      ###.......   3%          5
S - Statue Form           Tmut/Erth      ###......    26%         6

Your spell library contained the following spells:

 Spells                   Type           Power        Failure   Level
 Corona                   Hex            ###....      1%          1
 Foxfire                  Conj/Fire      ###.         1%          1
 Magic Dart               Conj           ###.         1%          1
 Shock                    Conj/Air       ###.         1%          1
 Blink                    Tloc           N/A          1%          2
 Call Imp                 Summ           ###.....     1%          2
 Corpse Rot               Necr/Air       N/A          1%          2
 Ensorcelled Hibernation  Hex/Ice        ###...       1%          2
 Poisonous Vapours        Pois/Air       ###...       1%          2
 Slow                     Hex            ###.....     1%          2
 Sublimation of Blood     Necr           ###.......   1%          2
 Confusing Touch          Hex            ###.....     1%          3
 Conjure Flame            Conj/Fire      ###.....     1%          3
 Dazzling Flash           Conj/Hex       ###...       1%          3
 Gell's Gravitas          Tloc           ###.......   1%          3
 Inner Flame              Hex/Fire       ###.....     1%          3
 Lesser Beckoning         Tloc           ###.......   1%          3
 Mephitic Cloud           Conj/Pois/Air  ###.....     1%          3
 Static Discharge         Conj/Air       ###.....     1%          3
 Stone Arrow              Conj/Erth      ###...       1%          3
 Teleport Other           Tloc           ###.....     1%          3
 Tukima's Dance           Hex            ###.....     1%          3
 Cause Fear               Hex            ###.......   1%          4
 Dispel Undead            Necr           ###.....     1%          4
 Fulminant Prism          Conj/Hex       ###.......   1%          4
 Hailstorm                Conj/Ice       ###.....     1%          4
 Leda's Liquefaction      Hex/Erth       ###.......   1%          4
 Passage of Golubria      Tloc           N/A          1%          4
 Sticky Flame             Conj/Fire      ###.....     1%          4
 Agony                    Necr           ###.....     4%          5
 Bolt of Magma            Conj/Fire/Erth ###.......   4%          5
 Excruciating Wounds      Necr           ###.......   4%          5
 Irradiate                Conj/Tmut      ###.......   4%          5
 Iskenderun's Battlesphe  Conj           ###.....     4%          5
 Silence                  Hex/Air        ###.......   4%          5
 Summon Demon             Summ           ###.......   4%          5
 Summon Forest            Summ/Tloc      ###.......   4%          5
 Summon Mana Viper        Hex/Summ       ###.....     4%          5
 Yara's Violent Unravell  Hex/Tmut       ###.......   4%          5
 Eringya's Noxious Bog    Tmut/Pois      ###.......   26%         6
 Hydra Form               Tmut           ###.......   26%         6
 Shadow Creatures         Summ           N/A          26%         6
 Orb of Destruction       Conj           ###.......   80%         7
 Dragon Form              Tmut           ###.......   83%         7
 Summon Hydra             Summ           ###.......   83%         7
 Chain Lightning          Conj/Air       ###.......   100%        8
 Discord                  Hex            ###.......   100%        8
 Lehudib's Crystal Spear  Conj/Erth      ###.......   100%        8
 Absolute Zero            Ice            ###.......   100%        9
 Fire Storm               Conj/Fire      ###.......   100%        9
 Shatter                  Erth           ###.......   100%        9


Dungeon Overview and Level Annotations

Branches:
Dungeon (1/1)

Altars:
Ashenzari
Cheibriados
Dithmenos
Elyvilon
Fedhas
Gozag
Hepliaklqana
Kikubaaqudgha
Makhleb
Nemelex Xobeh
Okawaru
Qazlal
Ru
Sif Muna
Trog
Uskayaw
Vehumet
Wu Jian
Xom
Yredelemnul
Zin
The Shining One
Beogh
Jiyva
Lugonu


Innate Abilities, Weirdness & Mutations

Your experience applies equally to all skills.
You have very sharp teeth.
Your uncanny sense of smell can sniff out nearby items.


Message History

Idituy gestures.
Unknown command.
You hit Idituy but do no damage.
Idituy is lightly wounded.
Your shadow hits Idituy but does no damage.
Kiust trunk-slaps you.
* * * LOW HITPOINT WARNING * * *
You emit a cloud of dark smoke.
You feel drained.
You feel as though you will be weak longer.
You hit Idituy but do no damage.
Idituy is lightly wounded.
Your shadow hits Idituy but does no damage.
Idituy barely misses you.
You hear a clap of thunder!
You hit Idituy but do no damage.
Idituy is lightly wounded.
Your shadow hits Idituy but does no damage.
The floating eye's view fixates on you. Kiust trunk-slaps you!!!
You die...

∆∆∆∆∆∆∆∆∆ ▓.........
∆∆∆∆∆iiYh..▓.........
▓...... ......▓.........
▓.............▓.........
▓.............▓..▓.....▓
▓...§§§.......▓.▓.▓...▓.
..§§§§§§... ▓..▓.....▓
▓§§§§§§.▓ ▓.....©... ▓
▓▓§GW§§▓▓ ▓▓▓▓▓▓▓▓▓▓
▓..▓.§&&§§.▓..▓....8©8..
▓....§§§§§....▓..=).|.).
▓....§§§§§....▓...)|||..
▓▓▓▓▓▓▓▓▓▓▓▓▓▓▓....)....
▓......... ∆∆∆∆∆∆∆∆∆∆∆
▓.....)).. ∆∆∆∆∆∆∆∆∆
▓.....)... ▓..▓.....▓


You could see Idituy (black mark), Kiust (black mark) and a floating eye
(summoned, charged).

Vanquished Creatures
  A vampire knight (D)
  A naga warrior (D)
  2 hell hogs (D)
  A skeletal warrior (D)
  A wretched star (D)
  2 necromancers (D)
  2 black mambas (D)
  A smoke demon (D)
  A guardian serpent (D)
  2 orange demons (D)
  An efreet (D)
  A hellwing (D)
  3 guardian mummies (D)
  An ice devil (D)
  A wind drake (D)
  4 merfolk (D)
  A slime creature (D)
  A tarantella (D)
  A shadow (D)
  A ynoxinul (D)
  A flying skull (D)
  A vampire (D)
  A chaos spawn (D)
  A neqoxec (D)
  A naga (D)
  A hell hound (D)
  2 orc warriors (D)
  2 phantoms (D)
  An eye of draining (D)
  A wolf (D)
  A centaur (D)
  2 small abominations (D)
  3 scorpions (D)
  3 wights (D)
  A crimson imp (D)
  An orc priest (D)
  A jelly (D)
  5 iron imps (D)
  5 mummies (D)
  2 adders (D)
  A shadow imp (D)
  2 white imps (D)
  An ooze (D)
  An adder zombie (D)
  An adder skeleton (D)
  4 bat skeletons (D)
  A jackal (D)
  2 ball pythons (D)
  A ball python skeleton (D)
  A jackal skeleton (D)
  A fire vortex (D)
81 creatures vanquished.

Vanquished Creatures (others)
  A balrug (D)
  An adder (D)
  A shadow imp (D)
  An ufetubus (D)
  2 fire vortices (D)
  3 foxfires (D)
9 creatures vanquished.

Grand Total: 90 creatures vanquished

Notes
Turn   | Place    | Note
-------+----------+-------------------------------------------
     0 | D        | sahdkjhfkaj the Gnoll Fire Elementalist began the quest for
                  | the Orb.
     0 | D        | Reached XP level 1. HP: 13/13 MP: 6/6
     0 | D        | Found a shimmering blue altar of Sif Muna.
     0 | D        | Found a sacrificial altar of Ru.
     0 | D        | Found a bloodstained altar of Trog.
     0 | D        | Found a stormy altar of Qazlal.
     0 | D        | Found an iron altar of Okawaru.
     0 | D        | Found a sparkling altar of Nemelex Xobeh.
     0 | D        | Found a blossoming altar of Fedhas.
     1 | D        | Found the +6 Majin-Bo {vamp, MP+6 Int+6}
     1 | D        | Found the +9 heavy crossbow "Sniper" {vorpal, Acc+∞ SInv}
     1 | D        | Found the +10 dark maul {vorpal}
     1 | D        | Found the +15 Maxwell's patent armour {-Cast -Tele rElec
                  | MR+ rCorr}
     1 | D        | Found the +18 shield of the Gong {rElec rN+ MR+ EV-5}
     1 | D        | Found the cursed +14 obsidian axe {vorpal, +Fly SInv
                  | *Curse}
     1 | D        | Found the +7 great mace "Firestarter" {inner flame, rF++}
     1 | D        | Found the +6 shillelagh "Devastator" {shatter}
     1 | D        | Found the +11 plutonium sword {*Contam Stlth-}
     1 | D        | Found the +8 lance "Wyrmbane" {slay drac, rPois rF+ rC+
                  | AC+3}
     1 | D        | Found the +9 sword of Zonguldrok {reap}
     1 | D        | Found the cursed +13 scythe of Curses {drain, *Curse}
     1 | D        | Found the +0 sword of Power
     1 | D        | Found the +7 mace of Variability {chain chaos}
     1 | D        | Found the +7 Singing Sword {vorpal, sonic wave}
     1 | D        | Found the +8 storm bow {elec, penet}
     2 | D        | Found a transporter.
     2 | D        | Found an ancient bone altar of Kikubaaqudgha.
     2 | D        | Found a viscous altar of Jiyva.
     2 | D        | Found a corrupted altar of Lugonu.
     2 | D        | Found a hazy altar of Hepliaklqana.
     2 | D        | Found a burning altar of Makhleb.
     2 | D        | Found an opulent altar of Gozag.
    12 | D        | Banished a spatial maelstrom
    54 | D        | Became a worshipper of Dithmenos the Shadowed
    62 | D        | Entered arena 2.
    62 | D        | Noticed a wolf
    62 | D        | Found a transporter.
    66 | D        | Killed a wolf
    66 | D        | Reached skill level 5 in Dodging
    66 | D        | Reached skill level 5 in Stealth
    66 | D        | Reached skill level 5 in Spellcasting
    66 | D        | Reached XP level 2. HP: 14/23 MP: 6/8
    66 | D        | Reached XP level 3. HP: 17/28 MP: 7/10
    66 | D        | Reached XP level 4. HP: 21/34 MP: 7/11
   238 | D        | Reached skill level 5 in Invocations
   238 | D        | Reached XP level 5. HP: 43/43 MP: 12/14
   259 | D        | Learned a level 5 spell: Fireball
   260 | D        | Entered arena 3.
   260 | D        | Found a transporter.
   261 | D        | Reached * piety under Dithmenos
   263 | D        | Reached XP level 6. HP: 50/50 MP: 10/16
   307 | D        | Entered arena 4.
   307 | D        | Noticed a tarantella
   307 | D        | Found a transporter.
   308 | D        | Reached ** piety under Dithmenos
   308 | D        | Reached skill level 5 in Fighting
   308 | D        | Reached skill level 5 in Short Blades
   308 | D        | Reached skill level 5 in Long Blades
   308 | D        | Reached skill level 5 in Axes
   308 | D        | Reached skill level 5 in Maces & Flails
   308 | D        | Reached skill level 5 in Polearms
   308 | D        | Reached skill level 5 in Staves
   308 | D        | Reached skill level 5 in Slings
   308 | D        | Reached skill level 5 in Bows
   308 | D        | Reached skill level 5 in Crossbows
   308 | D        | Reached skill level 5 in Throwing
   308 | D        | Reached skill level 5 in Armour
   308 | D        | Reached skill level 5 in Shields
   308 | D        | Reached skill level 5 in Unarmed Combat
   308 | D        | Reached skill level 5 in Evocations
   309 | D        | Killed a tarantella
   309 | D        | Reached skill level 5 in Conjurations
   309 | D        | Reached XP level 7. HP: 56/56 MP: 6/18
   476 | D        | Entered arena 5.
   476 | D        | Noticed a slime creature
   476 | D        | Found a transporter.
   480 | D        | Reached *** piety under Dithmenos
   483 | D        | Killed a slime creature
   483 | D        | Reached skill level 5 in Hexes
   483 | D        | Reached skill level 5 in Summonings
   483 | D        | Reached skill level 5 in Necromancy
   483 | D        | Reached skill level 5 in Translocations
   483 | D        | Reached skill level 5 in Transmutations
   483 | D        | Reached skill level 5 in Ice Magic
   483 | D        | Reached skill level 5 in Air Magic
   483 | D        | Reached skill level 5 in Earth Magic
   483 | D        | Reached skill level 5 in Poison Magic
   484 | D        | Reached XP level 8. HP: 35/64 MP: 4/20
   638 | D        | Learned a level 6 spell: Statue Form
   675 | D        | Entered arena 6.
   675 | D        | Found a transporter.
   678 | D        | Reached **** piety under Dithmenos
   783 | D        | Entered arena 7.
   783 | D        | Noticed a merfolk
   783 | D        | Noticed a merfolk
   783 | D        | Noticed a merfolk
   783 | D        | Noticed a merfolk
   783 | D        | Noticed a wind drake
   784 | D        | Found a transporter.
   787 | D        | Killed a merfolk
   787 | D        | Reached ***** piety under Dithmenos
   787 | D        | Killed a merfolk
   788 | D        | Killed a merfolk
   788 | D        | Killed a merfolk
   788 | D        | Reached XP level 9. HP: 72/72 MP: 0/22
   788 | D        | Killed a wind drake
   908 | D        | Got the Compendium of Damaging Venom
   911 | D        | Entered arena 8.
   911 | D        | Noticed a hellwing
   911 | D        | Noticed an orange demon
   911 | D        | Noticed an orange demon
   911 | D        | Noticed an ice devil
   912 | D        | Found a transporter.
   914 | D        | Killed an ice devil
   915 | D        | Killed an orange demon
   922 | D        | Killed a hellwing
   922 | D        | Reached ****** piety under Dithmenos
   932 | D        | Killed an orange demon
  1044 | D        | Entered arena 9.
  1044 | D        | Noticed a hell hog
  1044 | D        | Noticed an efreet
  1044 | D        | Noticed a hell hog
  1045 | D        | Found a transporter.
  1053 | D        | Killed a hell hog
  1053 | D        | Reached skill level 10 in Spellcasting
  1053 | D        | Reached XP level 10. HP: 81/82 MP: 22/24
  1073 | D        | Killed a hell hog
  1073 | D        | Reached skill level 10 in Dodging
  1330 | D        | Got the ring of Thoughtfulness {Fire Str+3}
  1350 | D        | Learned a level 7 spell: Spellforged Servitor
  1350 | D        | Entered arena 10.
  1351 | D        | Found a transporter.
  1354 | D        | Reached skill level 10 in Stealth
  1355 | D        | Reached skill level 10 in Invocations
  1598 | D        | Entered arena 11.
  1598 | D        | Noticed a thrashing horror
  1598 | D        | Noticed a green very ugly thing
  1598 | D        | Noticed a wretched star
  1599 | D        | Found a transporter.
  1605 | D        | Entered arena 12.
  1605 | D        | Noticed a black mamba
  1605 | D        | Noticed a black mamba
  1605 | D        | Noticed a naga warrior
  1607 | D        | Noticed a guardian serpent
  1609 | D        | Killed a black mamba
  1611 | D        | Killed a black mamba
  1617 | D        | Killed a naga warrior
  1617 | D        | Reached XP level 11. HP: 51/90 MP: 9/25
  1621 | D        | Found a transporter.
  1864 | D        | Entered arena 13.
  1864 | D        | Noticed an orc knight
  1864 | D        | Noticed an orc knight
  1865 | D        | Noticed an orc sorcerer
  1866 | D        | Found a transporter.
  1872 | D        | Entered arena 14.
  2058 | D        | Noticed a skeletal warrior
  2058 | D        | Noticed a vampire knight
  2059 | D        | Noticed a necromancer
  2059 | D        | Noticed a necromancer
  2061 | D        | Killed a necromancer
  2061 | D        | Reached skill level 10 in Fire Magic
  2063 | D        | Reached skill level 10 in Fighting
  2063 | D        | Reached skill level 10 in Short Blades
  2063 | D        | Reached skill level 10 in Long Blades
  2063 | D        | Reached skill level 10 in Axes
  2063 | D        | Reached skill level 10 in Maces & Flails
  2063 | D        | Reached skill level 10 in Polearms
  2063 | D        | Reached skill level 10 in Staves
  2063 | D        | Reached skill level 10 in Slings
  2063 | D        | Reached skill level 10 in Bows
  2063 | D        | Reached skill level 10 in Crossbows
  2063 | D        | Reached skill level 10 in Throwing
  2063 | D        | Reached skill level 10 in Armour
  2063 | D        | Reached skill level 10 in Shields
  2063 | D        | Reached skill level 10 in Unarmed Combat
  2063 | D        | Reached skill level 10 in Evocations
  2068 | D        | Paralysed by a vampire knight for 4 turns
  2078 | D        | Paralysed by something for 2 turns
  2082 | D        | Killed a necromancer
  2083 | D        | Killed a vampire knight
  2087 | D        | Killed a skeletal warrior
  2128 | D        | Killed a balrug
  2212 | D        | Found a transporter.
  2511 | D        | Entered arena 15.
  2513 | D        | Noticed a wretched star
  2514 | D        | Found a transporter.
  2532 | D        | Killed a wretched star
  2676 | D        | Got the Catalogue of Confrontation
  2724 | D        | Learned a level 6 spell: Iron Shot
  2726 | D        | Entered arena 16.
  2727 | D        | Noticed a sun demon
  2727 | D        | Noticed a sixfirhy
  2727 | D        | Noticed a sun demon
  2727 | D        | Noticed a blizzard demon
  2727 | D        | Noticed a green death
  2727 | D        | Noticed a sixfirhy
  2727 | D        | Noticed a monstrous blood saint
  2727 | D        | Noticed Nisenk the pandemonium lord
  2729 | D        | Found a transporter.
  2734 | D        | Entered arena 17.
  2936 | D        | Noticed Kiust the pandemonium lord
  2936 | D        | Noticed Idituy the pandemonium lord
  2936 | D        | Noticed a torturous black sun
  2937 | D        | Found the +8 whip "Snakebite" {curare, rPois}
  2937 | D        | Noticed a soul eater
  2937 | D        | Noticed a soul eater
  2937 | D        | Noticed Teviz the pandemonium lord
  2937 | D        | Noticed a sun demon
  2937 | D        | Noticed a blizzard demon
  2937 | D        | Noticed a sixfirhy
  2938 | D        | Found a transporter.
  2941 | D        | Entered arena 18.
  2944 | D        | Noticed a spriggan berserker
  2944 | D        | Noticed a spriggan berserker
  2949 | D        | HP: 6/138 [Kiust the pandemonium lord (20)]
  2953 | D        | Demolished by Kiust the pandemonium lord

Illustrated notes

Levels and vault maps discovered:
D:        sprint_v [room_start, room_1, room_2, room_3, room_4, room_5, room_6,
          room_7, room_8, room_9, room_10, room_11, room_12, room_13, room_14,
          room_15, room_16, room_17, room_18, room_19, room_20, room_21,
          room_22, room_23, room_24, room_25, room_26, room_27]

Skill      XL: |  1  2  3  4  5  6  7  8  9 10 11 |
---------------+----------------------------------+-----
Fighting       | 2 4 5 6 7 8 9 10 | 10.7
Short Blades   | 2 4 5 6 7 8 9 10 | 10.7
Long Blades    | 2 4 5 6 7 8 9 10 | 10.7
Axes           | 2 4 5 6 7 8 9 10 | 10.7
Maces & Flails | 2 4 5 6 7 8 9 10 | 10.7
Polearms       | 2 4 5 6 7 8 9 10 | 10.7
Staves         | 2 4 5 6 7 8 9 10 | 10.7
Slings         | 2 4 5 6 7 8 9 10 | 10.7
Bows           | 2 4 5 6 7 8 9 10 | 10.7
Crossbows      | 2 4 5 6 7 8 9 10 | 10.7
Throwing       | 2 4 5 6 7 8 9 10 | 10.7
Armour         | 2 4 5 6 7 8 9 10 | 10.7
Dodging        | 5 6 7 8 9 10 11 | 11.6
Stealth        | 5 6 7 8 9 10 11 | 11.4
Shields        | 2 4 5 6 7 8 9 10 | 10.7
Unarmed Combat | 2 4 5 6 7 8 9 10 | 10.7
Spellcasting   | 5 6 7 8 9 10 11 | 11.7
Conjurations   | 3 4 5 6 7 8 9 |  9.4
Hexes          | 2 3 4 5 6 7 8 9 |  9.1
Summonings     | 2 3 4 5 6 7 8 9 |  9.1
Necromancy     | 2 3 4 5 6 7 8 9 |  9.1
Translocations | 2 3 4 5 6 7 8 9 |  9.1
Transmutations | 2 3 4 5 6 7 8 9 |  9.1
Ice Magic      | 2 3 4 5 6 7 8 9 |  9.1
Air Magic      | 2 3 4 5 6 7 8 9 |  9.1
Earth Magic    | 2 3 4 5 6 7 8 9 |  9.1
Poison Magic   | 2 3 4 5 6 7 8 9 |  9.1
Invocations    | 3 5 6 8 9 10 11 | 11.6
Evocations     | 2 4 5 6 7 8 9 10 | 10.7
Fire Magic     | 6 7 8 9 10 | 10.6

Action                   |  1- 3 |  4- 6 |  7- 9 | 10-12 || total
-------------------------+-------+-------+-------+-------++-------
Melee: Lance             |     3 |     1 |    40 |    76 ||   120
       Bite              |     1 |       |     6 |     7 ||    14
       Punch             |       |       |       |     3 ||     3
 Cast: Fireball          |       |     2 |    13 |    25 ||    40
       Statue Form       |       |       |     4 |     4 ||     8
       Foxfire           |       |       |       |     2 ||     2
       Iron Shot         |       |       |       |     2 ||     2
Invok: Shadow Form       |       |       |       |     2 ||     2
 Abil: End Transformatio |       |       |     1 |       ||     1
Evoke: Wand              |       |     2 |       |     2 ||     4
  Use: Potion            |     1 |     1 |       |     7 ||     9
       Scroll            |       |       |       |     5 ||     5
 Stab: Sleeping          |       |       |     1 |       ||     1
Armor: Robe              |     1 |       |     1 |     2 ||     4
       Skin              |       |       |    18 |    85 ||   103
Dodge: Dodged            |     2 |     1 |    71 |   219 ||   293

Table legend: (Time is in decaauts)
 A = Elapsed time spent in this place.
 B = Non-inter-level travel time spent in this place.
 C = Inter-level travel time spent in this place.
 D = Time resting spent in this place.
 E = Time spent auto-exploring this place.
 F = Levels seen in this place.
 G = Mean time per level.
                   A        B        C        D        E       F      G
               +--------+--------+--------+--------+--------+-----+--------+
         Total |   3126 |   3116 |     10 |   2601 |     21 |   1 | 3126.0 |
       Dungeon |   3126 |   3116 |     10 |   2601 |     21 |   1 | 3126.0 |
               +--------+--------+--------+--------+--------+-----+--------+

Top non-repeatable levels by time:
       D: 3126 daAuts
